 Dungeon Crawl Stone Soup version 0.28.0-56-g4927b6849a (webtiles) character file.

Game seed: 16578360363834008334

3950 cbfl8 the Cleaver (level 10, 0/80 (88) HPs)
             Began as a Minotaur Berserker on Jan 24, 2023.
             Was an Elder of Trog.
             Killed from afar by an acid dragon (16 damage)
             ... with a splash of acid
             ... on level 9 of the Dungeon.
             The game lasted 00:11:49 (9425 turns).

cbfl8 the Cleaver (Minotaur Berserker)              Turns: 9425, Time: 00:11:50

HP:   0/80 (88)     AC:  3    Str: 29    XL:     10   Next: 2%
MP:   9/9           EV: 11    Int:  4    God:    Trog [****..]
Gold: 460           SH:  5    Dex: 13    Spells: 9/9 levels left

rFire   . . .      SeeInvis +   a - +0 hand axe
rCold   + . .      Faith    .   (no shield)
rNeg    . . .      Spirit   .   D - +0 chain mail
rPois   +          Reflect  +   (helmet restricted)
rElec   .          Harm     +   (no cloak)
rCorr   .          Rampage  .   (no gloves)
Will    .....      Clarity  +   (no boots)
Stlth   ..........              o - amulet of Tial {Reflect Harm rPois rC+ Slay-4 SH+5}
HPRegen 0.23/turn               x - ring of see invisible
MPRegen 0.11/turn               b - +6 ring of strength

@: corroded, drained
A: horns 2, retaliatory headbutt, talons 1, clarity
a: Renounce Religion, Berserk, Trog's Hand, Brothers in Arms


You were on level 9 of the Dungeon.
You worshipped Trog.
Trog was greatly pleased with you.
You visited 1 branch of the dungeon, and saw 9 of its levels.

You collected 460 gold pieces.

Inventory:

Hand Weapons
 a - a +0 hand axe (weapon)
Armour
 D - a +0 chain mail (worn)
Jewellery
 b - a +6 ring of strength (right hand)
 j - a ring of protection from fire
 o - the amulet of Tial (around neck) {Reflect Harm rPois rC+ Slay-4 SH+5}
   (You took it off an orc wizard on level 8 of the Dungeon)

   [amulet of reflection]

   It reflects blocked missile attacks.
   Slay:      It affects your accuracy & damage with ranged weapons and melee
   (-4).
   rC:        It protects you from cold.
   rPois:     It protects you from poison.
   SH:        It affects your SH (+5).
   Harm:      It increases damage dealt and taken.
 r - a +6 ring of strength
 w - the amulet of Nemelex Xobeh's Anger {Harm Drain rF+ Regen+}
   (You found it on level 5 of the Dungeon)

   [amulet of regeneration]

   rF:        It protects you from fire.
   Regen:     It increases your rate of health regeneration.
   Drain:     It drains your maximum health when unequipped.
   Harm:      It increases damage dealt and taken.
 x - a ring of see invisible (left hand)
Wands
 c - a wand of polymorph (12)
 k - a wand of digging (4)
 m - a wand of iceblast (7) (quivered)
 C - a wand of flame (13)
Scrolls
 d - 2 scrolls of magic mapping
 e - 2 scrolls of enchant armour {unknown}
 h - 2 scrolls of teleportation
 i - 4 scrolls of blinking
 n - a scroll of torment {unknown}
 p - a scroll of summoning
 q - a scroll of fog
 s - a scroll of immolation
 y - 2 scrolls of vulnerability {unknown}
 A - 2 scrolls of fear
 B - a scroll of holy word {unknown}
Potions
 g - a potion of ambrosia {unknown}
 l - a potion of cancellation {unknown}
 u - a potion of brilliance {unknown}
 v - a potion of lignification
 z - a potion of heal wounds {unknown}


   Skills:
 + Level 8.0 Fighting
 + Level 11.2 Axes
 + Level 9.6 Armour
 + Level 5.2 Dodging
 + Level 2.7 Stealth
 + Level 0.8 Shields
 + Level 0.9 Unarmed Combat
 + Level 0.9 Evocations


You had 9 spell levels left.
You didn't know any spells.
Your spell library was empty.

Dungeon Overview and Level Annotations

Branches:
Dungeon (9/15)             Temple (0/1) D:4
   Lair: D:8-11         Orc: D:9-12

Altars:
Ashenzari
Cheibriados
Fedhas
Hepliaklqana
Qazlal
Trog
Vehumet
Zin
The Shining One
Beogh

Shops:
D:3 !

Annotations:
D:5 2 transporters, FrogKing's ghost, novice DjFE


Innate Abilities, Weirdness & Mutations

You have a pair of horns on your head.
You reflexively headbutt those who attack you in melee.
You have sharp toenails.
You possess an exceptional clarity of mind.


Message History

The killer bee is severely wounded.
The killer bee closely misses you.
You miss the killer bee. Your kick misses the killer bee.
The killer bee is severely wounded.
You block the killer bee's attack. x2
You hit the killer bee. Your kick misses the killer bee.
The killer bee is severely wounded.
The killer bee closely misses you.
You slash the killer bee!
You kill the killer bee!
Trog accepts your kill. You block the killer bee's attack.
You have reached level 10!
You closely miss the killer bee. Your kick misses the killer bee.
You headbutt the killer bee.
The killer bee is moderately wounded.
The killer bee closely misses you. You furiously retaliate!
You headbutt the killer bee!
You kill the killer bee!
Trog accepts your kill.
There is an open door here.
You see here a killer bee corpse.
Unknown command.
Things that are here:
a killer bee corpse; a killer bee corpse You start resting.
An acid dragon comes into view.
The acid dragon roars!
An acid dragon is nearby!
The acid dragon spits acid at you. The splash of acid hits you!
The acid corrodes you!
An acid dragon is nearby!
There is an open door here.
The acid dragon spits acid at you. The splash of acid hits you!
* * * LOW HITPOINT WARNING * * *
The acid corrodes you! The acid dragon spits acid at you.
The splash of acid hits you!
You die...

..'..#####.#######
..##.............. ...
..########.####### ... ###
#.# ... ## ##.# ... [###
#..# #.# ...# ###'####
#..#### ##.#
#......########......#
#.####......'..@..D†......#
##.##.'......########......#
....#)#......# ......#
....#.#......# ......#
....#.#......# ......+
......#......# ......#
....###......# ......# #####
##'##### ##+#### #..#


You could see an acid dragon (catching breath).

Vanquished Creatures
  Eustachio (D:4)
  A steam dragon (D:8)
  2 sky beasts
  3 ice beasts
  A black bear (D:5)
  7 orc warriors
  An ogre (D:4)
  2 necrophages
  3 kobold brigands
  3 bullfrogs (D:8)
  2 scorpions (D:5)
  A gnoll sergeant (D:8)
  A water moccasin zombie (D:6)
  10 killer bees
  6 wights
  2 howler monkeys
  A centaur zombie (D:5)
  2 hounds
  6 orc priests
  A centaur skeleton (D:6)
  3 iguanas
  5 orc wizards
  A hound skeleton (D:5)
  7 gnolls
  9 adders
  3 white imps
  A worm (D:3)
  3 dart slugs
  39 orcs
  6 ball pythons
  9 endoplasms
  4 giant cockroaches
  6 hobgoblins
  A jackal (D:2)
  16 kobolds
  3 quokkas
  A bat (D:1)
  4 frilled lizards
  7 goblins
  7 rats
191 creatures vanquished.

Vanquished Creatures (others)
  6 plants (D:5)
6 creatures vanquished.

Grand Total: 197 creatures vanquished

Notes
Turn   | Place    | Note
-------+----------+-------------------------------------------
     0 | D:1      | cbfl8 the Minotaur Berserker began the quest for the Orb.
     0 | D:1      | Reached XP level 1. HP: 19/19 MP: 0/0
   397 | D:1      | Reached XP level 2. HP: 27/27 MP: 1/1
   514 | D:1      | Reached skill level 4 in Axes
  1120 | D:2      | Reached XP level 3. HP: 33/33 MP: 2/2
  1245 | D:2      | Reached ** piety under Trog
  1371 | D:2      | Found a faded altar of an unknown god.
  1726 | D:3      | Found Xaaroamm's Distillery.
  1869 | D:3      | Reached XP level 4. HP: 41/41 MP: 3/3
  1950 | D:3      | Found a blossoming altar of Fedhas.
  2100 | D:3      | Found a glowing golden altar of the Shining One.
  2361 | D:4      | Found a stormy altar of Qazlal.
  2371 | D:4      | Noticed Eustachio
  2379 | D:4      | Killed Eustachio
  2380 | D:4      | Reached skill level 5 in Fighting
  2380 | D:4      | Reached skill level 5 in Axes
  2380 | D:4      | Reached XP level 5. HP: 48/48 MP: 4/4
  2417 | D:4      | Noticed an ice beast
  2427 | D:4      | Killed an ice beast
  2428 | D:4      | Reached skill level 1 in Stealth
  2428 | D:4      | Reached XP level 6. HP: 35/56 MP: 5/5
  2926 | D:4      | Reached skill level 6 in Axes
  3382 | D:4      | Found a staircase to the Ecumenical Temple.
  3656 | D:4      | Found a glowing silver altar of Zin.
  3726 | D:5      | Entered Level 5 of the Dungeon
  3726 | D:5      | Found a bloodstained altar of Trog.
  3735 | D:5      | Identified the +1 kite shield of Jeshung {Dex+5}
  3742 | D:5      | Reached XP level 7. HP: 58/61 MP: 6/6
  3772 | D:5      | Found a transporter.
  3845 | D:5      | Reached skill level 7 in Axes
  3845 | D:5      | Reached skill level 5 in Armour
  4071 | D:5      | Noticed FrogKing's ghost (novice DjFE)
  4344 | D:5      | Reached *** piety under Trog
  4821 | D:5      | Reached skill level 8 in Axes
  4821 | D:5      | Reached XP level 8. HP: 67/70 MP: 7/7
  4946 | D:5      | Found a broken altar of Ashenzari.
  4946 | D:5      | Found a snail-covered altar of Cheibriados.
  4951 | D:5      | Identified the amulet of Nemelex Xobeh's Anger {Harm Drain
                  | rF+ Regen+}
  5005 | D:5      | Found a transporter.
  6203 | D:7      | Reached skill level 9 in Axes
  6947 | D:8      | Found a hazy altar of Hepliaklqana.
  7037 | D:8      | Reached XP level 9. HP: 68/79 MP: 8/8
  7404 | D:8      | Reached skill level 10 in Axes
  7421 | D:8      | Found a radiant altar of Vehumet.
  7455 | D:8      | Gained mutation: You have sharp toenails. [potion of
                  | mutation]
  7455 | D:8      | Gained mutation: You possess an exceptional clarity of
                  | mind. [potion of mutation]
  7659 | D:8      | Identified the amulet of Tial {Reflect Harm rPois rC+
                  | Slay-4 SH+5}
  7664 | D:8      | Reached **** piety under Trog
  7832 | D:8      | Reached skill level 5 in Dodging
  8251 | D:8      | Reached skill level 11 in Axes
  8579 | D:8      | Noticed a two-headed ogre
  8580 | D:8      | Noticed a manticore
  8580 | D:8      | Noticed a two-headed ogre
  8580 | D:8      | Noticed a boulder beetle
  8585 | D:8      | Noticed a centaur warrior
  8585 | D:8      | Noticed a manticore
  9363 | D:9      | Reached XP level 10. HP: 38/79 MP: 9/9
  9425 | D:9      | Killed from afar by an acid dragon

Illustrated notes

Levels and vault maps discovered:
D:1:      minmay_arrival_widening_spiral_wide, layout_basic
D:2:      layout_rooms, ebering_ecumenical_altar_ruins,
          kennysheep_generic_room_11
D:3:      layout_rooms, fedhas_altar_1, tso_altar, serial_shops,
          nicolae_shop_hallway_stairs, minmay_misc_feat_ornament
D:4:      layout_rooms, lemuel_doored_altar, zin_treasury,
          minmay_temple_entry_proselytizer, minmay_misc_feat_square,
          uniq_eustachio
D:5:      layout_rooms, lemuel_crystal_altar, amethyst_overflow_temple_binary,
          gammafunk_ghost_gnarly_gnolls, kennysheep_boxes
D:6:      layout_loops_cross, abandoned_shop
D:7:      layout_loops_corners
D:8:      wad_crossroads, layout_rooms, nicolae_hepliaklqana_hazy_memory,
          mainiacjoe_overflow_catwalk, special_room [special_room_orc],
          minivault_12
D:9:      layout_roguey

Skill      XL: |  1  2  3  4  5  6  7  8  9 |
---------------+----------------------------+-----
Fighting       | 4 5 6 7 8 |  8.0
Axes           | 4 5 6 8 9 11 | 11.2
Armour         | 3 4 5 7 9 |  9.6
Dodging        | 3 4 5 |  5.2
Stealth        | 1 2 |  2.7
Shields        | |  0.8
Unarmed Combat | |  0.9
Evocations     | |  0.9

Action                   |  1- 3 |  4- 6 |  7- 9 | 10-12 || total
-------------------------+-------+-------+-------+-------++-------
Melee: Hand axe          |    82 |    61 |   333 |     1 ||   477
       Headbutt          |    14 |     9 |    57 |     1 ||    81
       Unarmed           |       |     3 |       |       ||     3
       Punch             |       |       |    10 |       ||    10
       Kick              |       |       |    33 |       ||    33
Invok: Berserk           |       |     3 |     7 |       ||    10
Evoke: Wand              |       |     1 |     5 |       ||     6
  Use: Scroll            |       |     4 |     7 |       ||    11
       Potion            |       |       |     3 |       ||     3
 Stab: Distracted        |       |       |     1 |       ||     1
       Sleeping          |       |       |     1 |       ||     1
Armor: Ring mail         |    25 |    17 |    25 |       ||    67
       Scale mail        |       |       |    26 |       ||    26
       Chain mail        |       |       |    53 |       ||    53
Dodge: Dodged            |    47 |    40 |   170 |     1 ||   258
Block: Other             |       |       |    11 |       ||    11
